 Dungeon Crawl Stone Soup version 0.27-a0-972-gd1521fd518 (webtiles) character file.

Game seed: 10928785546240354574

1971 Anon1729 the Ducker (level 9, -2/65 HPs)
             Began as a Djinni Transmuter on Apr 13, 2021.
             Was a Plaything of Xom.
             Shot with a bolt by a kobold brigand (13 damage)
             ... on level 7 of the Dungeon.
             The game lasted 00:18:52 (9889 turns).

Anon1729 the Ducker (Djinni Transmuter)             Turns: 9889, Time: 00:18:53

Health: -2/65      AC:  2    Str:  9    XL:     9   Next: 20%
Gold:   242        EV: 23    Int: 18    God:    Xom [.*....] SH:  0 Dex: 17

rFire    x . .     SeeInvis .     - Unarmed
rCold    + . .     Faith    .   (shield currently unavailable)
rNeg     . . .     Spirit   .   (armour currently unavailable)
rPois    ∞         Reflect  .   (helmet currently unavailable)
rElec    .         Harm     .   (cloak currently unavailable)
rCorr    .         Rampage  .   (gloves currently unavailable)
Will     +....                  (boots unavailable)
Stlth    ++........             (no amulet)
HPRegen  0.20/turn              o - ring of ice
MPRegen  0.00/turn              (no ring)

@: spider-form, unable to read, flying
A: venomous fangs, flying, tiny, (fire resistance 2), (cold vulnerability 1),
float, innate caster, hp casting, extra vitality 1, clumsy 1, strong-willed 1,
screaming 1, wild magic 1, inability to read while threatened
a: End Transformation, Renounce Religion


You were on level 7 of the Dungeon.
You worshipped Xom.
You were a plaything of Xom.
You were a venomous arachnid creature.
You visited 2 branches of the dungeon, and saw 8 of its levels.

You collected 242 gold pieces.

Inventory:

Missiles
 w - 62 stones
Armour
 q - the +2 robe of Raojuuwa (melded) {rF- Will+ Str+5}
   (You found it on level 4 of the Dungeon)

   It affects your strength (+5).
   It makes you vulnerable to fire.
   It increases your willpower.
 u - a scarf of invisibility (melded)
 z - a +1 helmet (melded)
Jewellery
 o - a ring of ice (left front leg)
Wands
 s - a wand of charming (3)
 v - a wand of iceblast (22)
Scrolls
 b - 7 scrolls of identify
 c - a scroll of teleportation
 f - 2 scrolls of summoning {unknown}
 g - 3 scrolls of fear
 h - a scroll of amnesia {unknown}
 i - a scroll of enchant weapon {unknown}
 j - 3 scrolls of immolation
 k - 2 scrolls of acquirement {unknown}
 r - a scroll of blinking {unknown}
 y - a scroll of noise {unknown}
Potions
 a - 2 potions of invisibility {unknown}
 d - a potion of cancellation
 e - a potion of flight {unknown}
 l - 3 potions of heal wounds {unknown}
 m - a potion of magic {unknown}
 n - 3 potions of attraction {unknown}
 p - a potion of brilliance {unknown}
 t - a potion of degeneration {unknown}
 x - a potion of lignification


   Skills:
 + Level 5.3 Fighting
 + Level 6.2 Dodging
 + Level 6.1 Unarmed Combat
 * Level 6.2 Spellcasting


You couldn't memorise any spells.
You knew the following spells:

 Your Spells              Type           Power      Damage    Failure   Level
a - Beastly Appendage     Tmut           72%        N/A       8%          1
b - Wereblood             Tmut           36%        N/A       10%         2
c - Spider Form           Tmut/Pois      18%        N/A       14%         3
d - Ice Form              Ice/Tmut       53%        N/A       30%         4
e - Hydra Form            Tmut           18%        N/A       56%         5
f - Sandblast             Erth           72%        2d16      8%          1
g - Call Imp              Summ           36%        N/A       10%         2
h - Portal Projectile     Hex/Tloc       72%        N/A       14%         3
i - Frozen Ramparts       Ice            100%       1d12      14%         3
Your spell library was empty.

Dungeon Overview and Level Annotations

Branches:
Dungeon (7/15)             Temple (1/1) D:6

Altars:
Ashenzari
Cheibriados
Dithmenos
Elyvilon
Gozag
Hepliaklqana
Kikubaaqudgha
Makhleb
Okawaru
Qazlal
Ru
Sif Muna
Trog
Uskayaw
Vehumet
Wu Jian
Xom
Zin
The Shining One

Shops:
D:6 [

Annotations:
D:3 1 runed translucent door, gus3d's ghost, amateur OpMo
D:4 3 runed translucent doors, wpisznazwe's ghost, novice DsGl
D:7 Harold


Innate Abilities, Weirdness & Mutations

You are a venomous arachnid creature.
You have poisonous fangs.
You are tiny and dextrous.
You are flying.
Your spellcasting is less reliable in this form.
Your armour is entirely melded.
You are incapable of wielding weapons or throwing items.
You are immune to poison.
((Your flesh is very heat resistant. (rF++)))
((You are vulnerable to cold. (rC-)))
You float through the air rather than walking.
You learn spells naturally, not from books.
Your magical power is your life essence.
You have superior vitality. (+4 HP)
You are clumsy. (Dex -2)
You are strong-willed. (Will+)
You occasionally shout uncontrollably at your foes.
Your spells are a little harder to cast, but a little more powerful.
You sometimes lose the ability to read scrolls when taking damage.


Message History

The centaur is heavily wounded.
The centaur hits you. The centaur completely misses you.
You bite the centaur!
The centaur is almost dead.
The centaur misses you. The centaur closely misses you. The centaur hits you!
You feel threatened and lose the ability to read scrolls!
* * * LOW HITPOINT WARNING * * *
The centaur misses you.
You hit the centaur.
You kill the centaur!
The kobold throws a poisoned dart.
The poisoned dart hits you!
Aiming: Iceblast
Press: ? - help, Shift-Dir - straight line, f - kobold
Aim: a kobold, wielding a +0 club and quivering poisoned darts The mass of ice explodes!
The iceblast engulfs the kobold!
You kill the kobold!
The iceblast engulfs the kobold brigand!
The kobold brigand is heavily wounded.
The iceblast engulfs the kobold!
You kill the kobold!
You feel a bit more experienced.
You hear a shout! x2
The kobold brigand shoots a bolt.
The bolt closely misses you.
A kobold comes into view. It is wielding a +0 short sword.
The kobold shouts!
The kobold brigand shoots a bolt.
The bolt hits you.
* * * LOW HITPOINT WARNING * * *
The bolt freezes you.
* * * LOW HITPOINT WARNING * * *
Things that are here:
a +0 shortbow; 18 arrows; a centaur corpse
Aiming: Iceblast
Press: ? - help, Shift-Dir - straight line The mass of ice explodes!
The iceblast engulfs the kobold brigand!
The kobold brigand is severely wounded.
The iceblast engulfs the kobold!
You kill the kobold!
The kobold brigand shoots a bolt.
The bolt hits you!
You die...

######### # #.......# # #.#####.#
# #.# #.# # #.# #.# # ########
#.# #.# #
#......####.#####)###############
#..[...#.......)s)K...[)........§
#...............#.)..#####.######
#......÷...'#######).#####'######
#..........#...#...#.#...........
#..........#...#...#.#...........
#......###.#.......#.............
#.........<###._.###......†......
##########.#.......#.............
.......#...#...#...#.............


You could see a kobold brigand.

Vanquished Creatures
  2 ice beasts (D:6)
  A sky beast (D:5)
  2 black bears (D:6)
  An ogre (D:6)
  A necrophage (D:7)
  A centaur (D:7)
  A bullfrog (D:2)
  2 scorpions (D:6)
  A water moccasin skeleton (D:5)
  6 wights
  A howler monkey (D:7)
  5 hounds
  A bullfrog skeleton (D:7)
  A centaur skeleton (D:5)
  3 iguanas
  Terence (D:2)
  An orc wizard (D:7)
  A howler monkey zombie (D:5)
  A howler monkey skeleton (D:4)
  9 adders
  4 gnolls (D:5)
  2 white imps (D:6)
  2 ufetubi (D:5)
  An adder skeleton (D:4)
  A worm (D:2)
  3 dart slugs
  4 orcs
  7 ball pythons
  An endoplasm (D:2)
  A giant cockroach (D:1)
  9 goblins
  7 hobgoblins
  4 jackals (D:5)
  A quokka (D:2)
  7 bats
  A frilled lizard (D:1)
  14 kobolds
  3 rats
114 creatures vanquished.

Vanquished Creatures (collateral kills)
  An ogre (D:5)
  A necrophage (D:3)
  2 wights (D:7)
  A jelly (D:6)
5 creatures vanquished.

Grand Total: 119 creatures vanquished

Notes
Turn   | Place    | Note
-------+----------+-------------------------------------------
     0 | D:1      | Anon1729 the Djinni Transmuter began the quest for the Orb.
     0 | D:1      | Reached XP level 1. HP: 17/17 MP: 0/0
   312 | D:1      | Reached XP level 2. HP: 17/22 MP: 0/0
   620 | D:1      | Found a faded altar of an unknown god.
   635 | D:1      | Became a worshipper of Xom the Begetter of Turbulence
  1092 | D:1      | Reached XP level 3. HP: 9/27 MP: 0/0
  1092 | D:1      | Learned a level 1 spell: Sandblast
  1124 | D:1      | XOM: silly message
  1369 | D:1      | XOM: noise
  1914 | D:2      | XOM: silly message
  1969 | D:2      | XOM: noise
  2195 | D:2      | XOM: summons 2 hostile demons
  2534 | D:2      | Reached XP level 4. HP: 23/33 MP: 0/0
  2544 | D:2      | XOM: summons 3 hostile demons
  2545 | D:2      | Noticed an ice devil
  3003 | D:2      | Noticed Terence
  3009 | D:2      | XOM: noise
  3012 | D:2      | Killed Terence
  3273 | D:1      | XOM: summons 3 hostile shadow creatures
  3422 | D:2      | XOM: summons 3 hostile demons
  3490 | D:2      | XOM: give mutations
  3490 | D:2      | Gained mutation: You occasionally shout uncontrollably at
                  | your foes. [Xom's mischief]
  3490 | D:2      | Gained mutation: You are strong-willed. (Will+) [Xom's
                  | mischief]
  3490 | D:2      | Gained mutation: You sometimes lose the ability to read
                  | scrolls when taking damage. [Xom's mischief]
  3537 | D:2      | Noticed a bullfrog
  3537 | D:2      | a worm changed into a bullfrog
  3537 | D:2      | XOM: polymorph worm -> bullfrog
  3540 | D:2      | XOM: summons friendly iron imp
  3542 | D:2      | Killed a bullfrog
  3543 | D:2      | Reached XP level 5. HP: 29/39 MP: 0/0
  3543 | D:2      | Learned a level 2 spell: Call Imp
  3556 | D:2      | XOM: noise
  3939 | D:3      | Found a runed translucent door.
  3948 | D:3      | Noticed gus3d's ghost (amateur OpMo)
  4079 | D:3      | Found a hide-covered altar of Uskayaw.
  4174 | D:3      | Found an ornate altar of the Wu Jian Council.
  4224 | D:3      | XOM: give mutations
  4224 | D:3      | Gained mutation: You are clumsy. (Dex -2) [Xom's mischief]
  4224 | D:3      | Gained mutation: Your spells are a little harder to cast,
                  | but a little more powerful. [Xom's mischief]
  4528 | D:4      | Found a runed translucent gate.
  4528 | D:4      | Found a runed translucent gate.
  4528 | D:4      | Found a runed translucent gate.
  4530 | D:4      | Noticed wpisznazwe's ghost (novice DsGl)
  4573 | D:4      | Identified the +2 robe of Raojuuwa {rF- Will+ Str+5}
  4597 | D:4      | Found a glowing golden altar of the Shining One.
  4942 | D:4      | Found an opulent altar of Gozag.
  4969 | D:4      | XOM: torment (21/39 hp)
  5031 | D:4      | XOM: 5-stop teleportation journey
  5032 | D:4      | Noticed a necrophage
  5045 | D:3      | XOM: cast spell 'Alistair's Intoxication'
  5267 | D:3      | Killed a necrophage
  5268 | D:3      | Reached XP level 6. HP: 22/45 MP: 0/0
  5718 | D:4      | XOM: noise
  5779 | D:5      | Entered Level 5 of the Dungeon
  5940 | D:5      | XOM: silly message
  6088 | D:5      | XOM: summons friendly quasit
  6164 | D:5      | XOM: divination: detect items
  6167 | D:5      | Reached XP level 7. HP: 48/50 MP: 0/0
  6167 | D:5      | Learned a level 3 spell: Portal Projectile
  6427 | D:5      | XOM: noise
  6664 | D:5      | XOM: cast spell 'Summon Small Mammal'
  6801 | D:5      | XOM: potion effect (invisibility)
  7219 | D:6      | XOM: enchant monster (bad)
  7226 | D:6      | Reached skill level 5 in Unarmed Combat
  7239 | D:6      | Reached XP level 8. HP: 58/58 MP: 0/0
  7242 | D:6      | Reached skill level 5 in Dodging
  7536 | D:6      | Found a staircase to the Ecumenical Temple.
  7565 | D:6      | Reached skill level 5 in Spellcasting
  7568 | Temple   | Entered the Ecumenical Temple
  7745 | Temple   | XOM: silly message
  8023 | D:6      | XOM: noise
  8273 | D:6      | Found Totzaz's Antique Armour Emporium.
  8491 | D:6      | XOM: confuse monster(s)
  8512 | D:6      | Found a glowing silver altar of Zin.
  8548 | D:6      | XOM: cloud trail
  8652 | D:6      | XOM: 2-stop teleportation journey
  8813 | D:5      | XOM: smoke on damage
  8928 | D:5      | XOM is BORED!
  9141 | D:6      | XOM: blink monster(s)
  9438 | D:7      | XOM: 9-stop teleportation journey
  9489 | D:7      | Reached skill level 5 in Fighting
  9517 | D:7      | Reached XP level 9. HP: 65/65 MP: 0/0
  9517 | D:7      | Learned a level 3 spell: Frozen Ramparts
  9570 | D:7      | Found a sacrificial altar of Ru.
  9580 | D:7      | XOM: 2-stop teleportation journey
  9581 | D:7      | Noticed Harold
  9590 | D:7      | Found a shadowy altar of Dithmenos.
  9590 | D:7      | XOM: 3-stop teleportation journey
  9642 | D:7      | XOM: 3-stop teleportation journey
  9850 | D:7      | XOM: fog
  9863 | D:7      | XOM: enchant monster (bad)
  9889 | D:7      | Shot with a bolt by a kobold brigand

Illustrated notes

Levels and vault maps discovered:
D:1:      kilobyte_arrival_exit_the_forest, layout_basic,
          ebering_ecumenical_altar_rust
D:2:      layout_loops_ring, st_stairs_10, uniq_terence
D:3:      layout_rooms, nicolae_uskayaw_suspiria,
          gammafunk_temple_overflow_statue, ebering_ghost_reflecting_pool
D:4:      layout_basic, lemuel_doored_altar, tso_oasis_becter,
          gammafunk_ghost_necromancy
D:5:      layout_gridville
D:6:      layout_basic, kennysheep_mini, marbit_many_paths,
          minmay_temple_entry_statues_pillars, serial_shops,
          nicolae_shop_behind_doors
D:7:      layout_basic, nicolae_ru_great_annihilating_truth,
          nicolae_overflow_hidden_temple, corexii_corridor_pit, st_stairs_8,
          hangedman_decor_clover_reticule, uniq_harold
Temple:   jpeg_temple_alley_garden

Skill      XL: |  1  2  3  4  5  6  7  8  9 |
---------------+----------------------------+-----
Spellcasting   | 2 3 4 5 6 |  6.2
Dodging        | 3 4 6 |  6.2
Fighting       | 2 3 4 5 |  5.3
Unarmed Combat | 4 5 6 |  6.1

Action                   |  1- 3 |  4- 6 |  7- 9 || total
-------------------------+-------+-------+-------++-------
Melee: Unarmed           |   147 |   136 |   197 ||   480
       Headbutt          |    14 |    10 |     8 ||    32
       Punch             |     1 |       |       ||     1
 Cast: Beastly Appendage |    21 |    13 |     7 ||    41
       Spider Form       |       |    11 |    12 ||    23
       Call Imp          |       |     3 |    12 ||    15
       Ice Form          |       |       |    11 ||    11
       Frozen Ramparts   |       |       |     1 ||     1
 Abil: End Transformatio |       |       |     2 ||     2
Evoke: Wand              |       |       |     2 ||     2
  Use: Potion            |     3 |       |       ||     3
       Scroll            |       |       |     4 ||     4
 Stab: Sleeping          |       |     2 |       ||     2
       Distracted        |       |     1 |       ||     1
       Invisible         |       |       |     1 ||     1
       Paralysed         |       |       |     1 ||     1
Armor: Robe              |    22 |    24 |    18 ||    64
       Skin              |     7 |     2 |    25 ||    34
Dodge: Dodged            |    65 |   103 |   159 ||   327

Table legend: (Time is in decaauts)
 A = Elapsed time spent in this place.
 B = Non-inter-level travel time spent in this place.
 C = Inter-level travel time spent in this place.
 D = Time resting spent in this place.
 E = Time spent auto-exploring this place.
 F = Levels seen in this place.
 G = Mean time per level.
                   A        B        C        D        E       F      G
               +--------+--------+--------+--------+--------+-----+--------+
         Total |   9857 |   9553 |    304 |   2321 |   5967 |   8 | 1232.1 |
       Dungeon |   9516 |   9266 |    250 |   2321 |   5683 |   7 | 1359.4 |
        Temple |    340 |    286 |     54 |      0 |    284 |   1 |  340.0 |
               +--------+--------+--------+--------+--------+-----+--------+

Top non-repeatable levels by time:
     D:1: 2129 daAuts
     D:6: 1976 daAuts
     D:2: 1501 daAuts
     D:5: 1286 daAuts
     D:4: 1118 daAuts
     D:3: 1016 daAuts
     D:7: 487 daAuts
  Temple: 340 daAuts
